 Dungeon Crawl Stone Soup version 0.31-a0-188-g5e087ee2ca (webtiles) character file.

Game seed: 7379738119070069204

516 qw the Skirmisher (level 7, -6/40 HPs)
             Began as a Deep Elf Hunter on June 23, 2023.
             Mangled by an iguana (8 damage)
             ... on level 4 of the Dungeon.
             The game lasted 00:01:23 (3218 turns).

qw the Skirmisher (Deep Elf Hunter)                 Turns: 3218, Time: 00:01:23

Health: -6/40      AC: 11    Str: 10    XL:     7   Next: 0%
Magic:  9/9        EV: 14    Int: 14    God:
Gold:   165        SH:  0    Dex: 18    Spells: 6/6 levels left

rFire   . . .        Y - +1 shortbow
rCold   . . .        (shield currently unavailable)
rNeg    . . .        f - +0 scale mail {Will+}
rPois   .            g - +0 helmet
rElec   .            e - +0 cloak
rCorr   .            c - +2 pair of gloves
SInv    .            (no boots)
Will    +....        (no amulet)
Stlth   +            h - +5 ring of evasion
HPRegen 0.26/turn    (no ring)
MPRegen 0.11/turn

%: no passive effects
@: no status effects
A: no striking features
a: no special abilities


You were on level 4 of the Dungeon.
You visited 1 branch of the dungeon, and saw 4 of its levels.
You also visited: Ossuary.

You collected 165 gold pieces.


   Skills:
 - Level 2.0 Fighting
 + Level 10.0 Ranged Weapons
 - Level 2.4 Armour
 - Level 2.4 Dodging
 - Level 1.2 Stealth


You had 6 spell levels left.
You didn't know any spells.
Your spell library was empty.

Inventory:

Hand Weapons
 Y - a +1 shortbow (weapon)
Armour
 c - a +2 pair of gloves (worn)
 e - a +0 cloak (worn)
 f - a +0 scale mail of willpower (worn)
 g - a +0 helmet (worn)
Jewellery
 h - a +5 ring of evasion (left hand)
Wands
 b - a wand of digging (4)
Scrolls
 a - 2 scrolls of identify
Potions
 d - a potion of curing

Dungeon Overview and Level Annotations

Branches:
Dungeon (4/15)            Ossuary (visited)
 Temple: D:4-7

Altars:
Yredelemnul

Annotations:
D:1 1 runed translucent door


Message History

You shoot an arrow.
The arrow hits the iguana but does no damage.
The iguana bites you but does no damage.
You shoot an arrow. The arrow closely misses the iguana.
The iguana bites you.
You shoot an arrow. The arrow barely misses the iguana.
The iguana bites you. x2
You shoot an arrow. The arrow closely misses the iguana.
The iguana bites you but does no damage.
You shoot an arrow.
The arrow hits the iguana but does no damage.
The iguana barely misses you.
You shoot an arrow. The arrow hits the iguana.
The iguana is lightly wounded.
The iguana closely misses you.
You shoot an arrow.
The arrow hits the iguana but does no damage.
The iguana is lightly wounded.
The iguana bites you!
You shoot an arrow.
The arrow hits the iguana but does no damage.
The iguana is lightly wounded.
The iguana misses you. The iguana bites you.
You shoot an arrow. The arrow closely misses the iguana.
The iguana barely misses you.
You shoot an arrow. The arrow hits the iguana.
The iguana is lightly wounded.
The iguana bites you!
You shoot an arrow. The arrow hits the iguana.
The iguana is heavily wounded.
The iguana misses you.
You shoot an arrow.
The arrow hits the iguana but does no damage.
The iguana is moderately wounded.
The iguana bites you.
You shoot an arrow. The arrow closely misses the iguana.
The iguana bites you. The iguana barely misses you.
You shoot an arrow. The arrow closely misses the iguana.
The iguana bites you!
You die...

#...## ##.....)....
#....####..........
#....##............
#......#####.......
##....## #...##.
#...## ###### ##.##
#..# #@## #.l.....#
#.......# ........#
#.......# #.......#
#.......# .......##


You could see an iguana.

Vanquished Creatures
  An ice beast (D:3)
  An ogre (D:4)
  A phantom (D:4)
  An orc priest (D:4)
  A sleepcap (D:4)
  Robin (D:3)
  3 gnolls (D:2)
  6 adders
  An ufetubus (D:4)
  3 worms (D:3)
  2 dart slugs
  3 orcs (D:4)
  8 ball pythons
  8 endoplasms
  6 giant cockroaches
  17 goblins
  6 hobgoblins
  3 jackals (D:3)
  6 kobolds
  3 quokkas
  3 bats
  7 hobgoblin zombies (Ossuary)
  6 kobold zombies (Ossuary)
  7 orc zombies (Ossuary)
  3 rats
107 creatures vanquished.

Notes
Turn   | Place    | Note
-------+----------+-------------------------------------------
     0 | D:1      | qw the Deep Elf Hunter began the quest for the Orb.
     0 | D:1      | Reached XP level 1. HP: 12/12 MP: 3/3
     0 | D:1      | 0 ||| qw: Version: 0.3-a-9-g12657ce
     0 | D:1      | 0 ||| qw: Game counter: 3622
     0 | D:1      | 0 ||| qw: Always use a shield: true
     0 | D:1      | 0 ||| qw: God list: Okawaru
     0 | D:1      | 0 ||| qw: Allow faded altars: false
     0 | D:1      | 0 ||| qw: Do Orc after D:15 true
     0 | D:1      | 0 ||| qw: Do second Lair branch before Depths: true
     0 | D:1      | 0 ||| qw: Lair rune preference: random
     0 | D:1      | 0 ||| qw: Plans: Normal
     0 | D:1      | 0 ||| PLANNING D:1-11
     1 | D:1      | Found a runed translucent door.
    21 | D:1      | 21 ||| FLEEEEING.
    25 | D:1      | 25 ||| FLEEEEING.
    73 | D:1      | Reached XP level 2. HP: 16/16 MP: 4/4
   156 | D:1      | Reached skill level 6 in Ranged Weapons
   750 | D:1      | 750 ||| UPGRADING to +0 cloak.
   755 | D:1      | 755 ||| UPGRADING to +0 scale mail of willpower.
   765 | D:1      | 765 ||| DROPPING +0 leather armour.
   766 | D:1      | 766 ||| UPGRADING to +0 helmet.
   771 | D:1      | 771 ||| UPGRADING to +5 ring of evasion.
   772 | D:1      | 772 ||| READING 2 scrolls labelled OSASTR YLAE.
   773 | D:1      | 773 ||| DROPPING scroll of butterflies.
   811 | D:2      | Reached XP level 3. HP: 8/20 MP: 5/5
   965 | D:2      | HP: 5/20 [poisoned by an adder]
   966 | D:2      | HP: 2/20 [poisoned by an adder]
   967 | D:2      | Reached skill level 7 in Ranged Weapons
  1138 | D:2      | Reached XP level 4. HP: 13/25 MP: 6/6
  1824 | D:2      | 1824 ||| UPGRADING to +2 pair of gloves.
  1829 | D:2      | 1829 ||| READING scroll labelled BUXAMANWIL.
  1832 | D:2      | 1832 ||| READING scroll labelled BOPYPS KIUVA.
  1833 | D:2      | 1833 ||| READING 3 scrolls of identify.
  1833 | D:2      | 1833 ||| IDENTIFYING red potion
  2039 | D:3      | Noticed an ice beast
  2052 | D:3      | Killed an ice beast
  2053 | D:3      | Reached XP level 5. HP: 14/29 MP: 7/7
  2115 | D:3      | Found a basalt altar of Yredelemnul.
  2274 | D:3      | Reached skill level 8 in Ranged Weapons
  2368 | D:3      | Noticed Robin
  2381 | D:3      | HP: 6/29 [goblin/+0 dagger[Robin] (5)]
  2382 | D:3      | 2382 ||| DRINKING potion of heal wounds.
  2392 | D:3      | Killed Robin
  2631 | D:3      | 2631 ||| READING 2 scrolls of identify.
  2631 | D:3      | 2631 ||| IDENTIFYING fuming brown potion
  2656 | D:4      | 2656 ||| PLANNING OSSUARY
  2657 | D:4      | Reached XP level 6. HP: 34/34 MP: 8/8
  2912 | D:4      | Reached skill level 9 in Ranged Weapons
  3037 | D:4      | Found a sand-covered staircase.
  3038 | D:4      | 3038 ||| READING scroll labelled MIUJAG OTOLU.
  3039 | D:4      | 3039 ||| READING scroll labelled YFATEG CEACLA.
  3040 | D:4      | 3040 ||| READING scroll labelled MUVOAFI FUYRA.
  3045 | Ossuary  | Entered an ossuary
  3110 | Ossuary  | Reached skill level 10 in Ranged Weapons
  3115 | Ossuary  | Reached XP level 7. HP: 40/40 MP: 9/9
  3157 | D:4      | 3157 ||| PLANNING D:1-11
  3214 | D:4      | HP: 8/40 [iguana (11)]
  3216 | D:4      | HP: 3/40 [iguana (6)]
  3218 | D:4      | Mangled by an iguana

Levels and vault maps discovered:
D:1:      dpeg_arrival_caged_fury, layout_basic
D:2:      layout_loops_corners
D:3:      layout_basic, nicolae_overflow_crystal_walls, uniq_robin
D:4:      layout_cave_pods, nicolae_ossuary_entry_false_entrances,
          minmay_manual_mares

Skill      XL: |  1  2  3  4  5  6 |
---------------+-------------------+-----
Ranged Weapons | 6 7 8 10 | 10.0
Armour         | 2 |  2.4
Fighting       | 2 |  2.0
Dodging        | |  2.4
Stealth        | |  1.2

Action                     |  1- 3 |  4- 6 |  7- 9 || total
---------------------------+-------+-------+-------++-------
   Fire: Shortbow          |    93 |   234 |    29 ||   356
    Use: Scroll            |     1 |     7 |       ||     8
         Potion            |       |     1 |       ||     1
 Armour: Leather armour    |     5 |       |       ||     5
         Scale mail        |    25 |    66 |     2 ||    93
  Dodge: Dodged            |    54 |   137 |     6 ||   197

Table legend:
 A = Non-vault XP
 B = Vault XP
 C = Vault XP percentage of total XP
 D = Non-vault monster count
 E = Vault monster count
 F = Vault count percentage of total count
                 A         B        C        D         E       F
            +---------+---------+-------+---------+---------+-------
      Total |     680 |      58 |   7.9 |      74 |      33 |  30.8
            +---------+---------+-------+---------+---------+-------
        D:1 |      37 |       0 |   0.0 |      19 |       0 |   0.0
        D:2 |      94 |       0 |   0.0 |      17 |       0 |   0.0
        D:3 |     199 |      38 |  16.0 |      19 |      13 |  40.6
        D:4 |     350 |       0 |   0.0 |      19 |       0 |   0.0
    Ossuary |       0 |      20 | 100.0 |       0 |      20 | 100.0
            +---------+---------+-------+---------+---------+-------
